APP
TEXAS (APP) RANGERS @ BOSTON (APP) RED SOX
08/24/2049
 
TOP OF THE 1ST
Texas (APP) Rangers batting - Pitching for Boston (APP) Red Sox : RHP Du Kong
Pitching: RHP Du Kong
Batting: SHB Tim Rogers 0-0: Swinging Strike
0-1: Ground out 5-3 (Groundball, 56S, EV 70.0 MPH)
Batting: RHB Ryan Salas 0-0: Ball
1-0: Ball
2-0: Foul Ball, location: 2F
2-1: Ground out 4-3 (Groundball, 4M, EV 101.2 MPH)
Batting: RHB Jerry Foster 0-0: Ball
1-0: Ground out 6-3 (Groundball, 6MS, EV 90.0 MPH)
Top of the 1st over - 0 runs, 0 hits, 0 errors, 0 left on base; Texas (APP) 0 - Boston (APP) 0
BOTTOM OF THE 1ST
Boston (APP) Red Sox batting - Pitching for Texas (APP) Rangers : RHP Rick Madden
Pitching: RHP Rick Madden
Batting: RHB Estevan Carrillo 0-0: Ground out 6-3 (Groundball, 6, EV 82.5 MPH)
Batting: SHB Arihito Hiramoto 0-0: Ball
1-0: Ball
2-0: Ball
3-0: Base on Balls
Batting: RHB Kirk Cully 0-0: Called Strike
0-1: Ball
1-1: Fly out, F3 (Popup, 23F, EV 74.4 MPH)
Batting: RHB Chris Zubia 0-0: Ball
1-0: Ball
2-0: Called Strike
2-1: Ball
3-1: Fly out, F8 (Line Drive, 8LD, EV 93.1 MPH)
Bottom of the 1st over - 0 runs, 0 hits, 0 errors, 1 left on base; Texas (APP) 0 - Boston (APP) 0
TOP OF THE 2ND
Texas (APP) Rangers batting - Pitching for Boston (APP) Red Sox : RHP Du Kong
Batting: RHB Ron Squires 0-0: Ball
1-0: Ball
2-0: Ball
3-0: Called Strike
3-1: DOUBLE (Line Drive, 89XD, EV 99.4 MPH)
Batting: LHB Alex Rivera 0-0: Called Strike
0-1: Ball
1-1: Ball
Wild Pitch!
Ron Squires to third
2-1: Swinging Strike
2-2: DOUBLE (Line Drive, 78M, EV 106.9 MPH)
Ron Squires scores
Batting: RHB Robert Topete 0-0: Ball
1-0: Ball
2-0: Swinging Strike
2-1: Ball
3-1: Fly out, F8 (Flyball, 8LM, EV 75.0 MPH)
Batting: RHB Josh Shoemaker 0-0: 2-RUN HOME RUN (Flyball, 7D, EV 99.4 MPH), Distance : 378 ft
Batting: RHB Pat Martin 0-0: Ball
1-0: SINGLE (Groundball, 5S, EV 67.5 MPH) (infield hit)
Batting: RHB Torsten Fisher 0-0: Ball
Pat Martin steals 2nd base
1-0: Ball
2-0: Ball
3-0: Called Strike
3-1: Base on Balls
Batting: SHB Tim Rogers 0-0: Called Strike
0-1: Foul Ball, location: 2F
0-2: Ball
1-2: Fly out, F8 (Flyball, 8RS, EV 83.8 MPH)
Batting: RHB Ryan Salas 0-0: Ball
1-0: Ball
2-0: Foul Ball, location: 2F
2-1: Foul Ball, location: 2F
2-2: Foul Ball, location: 2F
2-2: Ball
3-2: Foul Ball, location: 2F
3-2: Base on Balls
Pat Martin to third
Torsten Fisher to second
Batting: RHB Jerry Foster 0-0: Foul Ball, location: 2F
0-1: Ball
1-1: Ball
2-1: Ball
3-1: Base on Balls
Pat Martin scores
Torsten Fisher to third
Ryan Salas to second
Batting: RHB Ron Squires 0-0: Ball
1-0: Ball
2-0: Ball
3-0: Base on Balls
Torsten Fisher scores
Ryan Salas to third
Jerry Foster to second
Pitching: LHP Bob Strachan
Batting: LHB Alex Rivera 0-0: Called Strike
0-1: Ball
1-1: Ball
2-1: DOUBLE (Flyball, 8RXD, EV 102.5 MPH)
Ryan Salas scores
Jerry Foster scores
Ron Squires to third
Runner from 3rd tries for Home, SAFE, throw by CF to home
Batting: RHB Robert Topete 0-0: Called Strike
0-1: Swinging Strike
0-2: Ball
1-2: Strikes out looking
Top of the 2nd over - 8 runs, 5 hits, 0 errors, 1 left on base; Texas (APP) 8 - Boston (APP) 0
BOTTOM OF THE 2ND
Boston (APP) Red Sox batting - Pitching for Texas (APP) Rangers : RHP Rick Madden
Batting: RHB Ryan Davis 0-0: Called Strike
0-1: Ball
1-1: Ball
2-1: SINGLE (Flyball, 8LS, EV 85.6 MPH)
Batting: RHB Mo Tsang 0-0: Fly out, F5 (Popup, 5F, EV 63.8 MPH)
Batting: RHB Luis Nino 0-0: Ball
1-0: Called Strike
1-1: Reached on error, E1 (Groundball, 13S, EV 72.5 MPH)
Ryan Davis to second
Batting: LHB Kenny Jackson 0-0: Ball
1-0: Fly out, F9 (Flyball, 89M, EV 91.9 MPH)
Batting: RHB Panam Palmer 0-0: Ball
1-0: Ball
2-0: Swinging Strike
2-1: Fielders Choice at 2nd, 6-4 (Groundball, 6, EV 104.4 MPH)
Bottom of the 2nd over - 0 runs, 1 hit, 1 error, 2 left on base; Texas (APP) 8 - Boston (APP) 0
TOP OF THE 3RD
Texas (APP) Rangers batting - Pitching for Boston (APP) Red Sox : LHP Bob Strachan
Batting: RHB Josh Shoemaker 0-0: Ball
1-0: Ground out 6-3 (Groundball, 6, EV 110.0 MPH)
Batting: RHB Pat Martin 0-0: Ball
1-0: Ball
2-0: Foul Ball, location: 2F
2-1: Called Strike
2-2: Ball
3-2: Foul Ball, location: 2F
3-2: Strikes out swinging
Batting: RHB Torsten Fisher 0-0: Ball
1-0: Ground out 6-3 (Groundball, 6, EV 87.5 MPH)
Top of the 3rd over - 0 runs, 0 hits, 0 errors, 0 left on base; Texas (APP) 8 - Boston (APP) 0
BOTTOM OF THE 3RD
Boston (APP) Red Sox batting - Pitching for Texas (APP) Rangers : RHP Rick Madden
Batting: RHB Estevan Carrillo 0-0: Called Strike
0-1: Fly out, F4 (Popup, 4M, EV 69.4 MPH)
Batting: SHB Arihito Hiramoto 0-0: Ball
1-0: Foul Ball, location: 2F
1-1: Foul Ball, location: 2F
1-2: Hit by Pitch
Batting: RHB Kirk Cully 0-0: Foul Ball, location: 2F
0-1: Grounds out, U3 (Groundball, 3L, EV 98.1 MPH)
Batting: RHB Chris Zubia 0-0: Ball
1-0: Called Strike
1-1: Ground out 4-3 (Groundball, 4, EV 89.4 MPH)
Bottom of the 3rd over - 0 runs, 0 hits, 0 errors, 1 left on base; Texas (APP) 8 - Boston (APP) 0
TOP OF THE 4TH
Texas (APP) Rangers batting - Pitching for Boston (APP) Red Sox : LHP Bob Strachan
Batting: SHB Tim Rogers 0-0: Ball
1-0: Called Strike
1-1: Ground out 5-3 (Groundball, 56S, EV 77.5 MPH)
Batting: RHB Ryan Salas 0-0: Ball
1-0: Ball
2-0: Ball
3-0: Called Strike
3-1: Base on Balls
Batting: RHB Jerry Foster 0-0: Foul Ball, location: 2F
0-1: Hit by Pitch
Ryan Salas to second
Batting: RHB Ron Squires 0-0: Ball
1-0: Foul Ball, location: 2F
1-1: Foul Ball, location: 2F
1-2: Fielders Choice at 2nd, 1-6 (Groundball, 34S, EV 60.6 MPH)
Ryan Salas to third
Batting: LHB Alex Rivera 0-0: Ball
1-0: Foul Ball, location: 2F
1-1: Fielders Choice at 2nd, 5-4 (Groundball, 5, EV 86.2 MPH)
Top of the 4th over - 0 runs, 0 hits, 0 errors, 2 left on base; Texas (APP) 8 - Boston (APP) 0
BOTTOM OF THE 4TH
Boston (APP) Red Sox batting - Pitching for Texas (APP) Rangers : RHP Rick Madden
Batting: RHB Ryan Davis 0-0: Ball
1-0: Foul Ball, location: 2F
1-1: Ball
2-1: Swinging Strike
2-2: Strikes out swinging
Batting: RHB Mo Tsang 0-0: Fly out, F7 (Flyball, 78M, EV 78.1 MPH)
Batting: RHB Luis Nino 0-0: Ground out 4-3 (Groundball, 4, EV 80.0 MPH)
Bottom of the 4th over - 0 runs, 0 hits, 0 errors, 0 left on base; Texas (APP) 8 - Boston (APP) 0
TOP OF THE 5TH
Texas (APP) Rangers batting - Pitching for Boston (APP) Red Sox : LHP Bob Strachan
Batting: RHB Robert Topete 0-0: Called Strike
0-1: Fly out, F7 (Line Drive, 7, EV 93.8 MPH)
Batting: RHB Josh Shoemaker 0-0: Ball
1-0: Called Strike
1-1: Called Strike
1-2: Ball
2-2: Foul Ball, location: 2F
2-2: Foul Ball, location: 2F
2-2: Ball
3-2: Base on Balls
Batting: RHB Pat Martin 0-0: Grounds into double play, 4-6-3 (Groundball, 4M, EV 88.8 MPH)
Top of the 5th over - 0 runs, 0 hits, 0 errors, 0 left on base; Texas (APP) 8 - Boston (APP) 0
BOTTOM OF THE 5TH
Boston (APP) Red Sox batting - Pitching for Texas (APP) Rangers : RHP Rick Madden
Batting: LHB Kenny Jackson 0-0: SINGLE (Groundball, 6MD, EV 106.2 MPH)
Batting: RHB Panam Palmer 0-0: Ball
1-0: Ball
2-0: Ball
3-0: Called Strike
3-1: Fly out, F3 (Line Drive, 3L, EV 73.8 MPH)
Lined into DP, U3 (Line Drive, 3L, EV 74.4 MPH)
Batting: RHB Estevan Carrillo 0-0: Called Strike
0-1: Swinging Strike
0-2: Strikes out swinging
Bottom of the 5th over - 0 runs, 1 hit, 0 errors, 0 left on base; Texas (APP) 8 - Boston (APP) 0
TOP OF THE 6TH
Texas (APP) Rangers batting - Pitching for Boston (APP) Red Sox : LHP Bob Strachan
Batting: RHB Torsten Fisher 0-0: Ball
1-0: Ball
2-0: Reached on error, E4 (Groundball, 4, EV 106.9 MPH)
Pitching: RHP Zinedine Lahlafi
Batting: SHB Tim Rogers 0-0: SINGLE (Groundball, 6MD, EV 110.6 MPH)
Torsten Fisher to second
Batting: RHB Ryan Salas 0-0: Ball
1-0: Fly out, F7 (Line Drive, 78M, EV 93.1 MPH)
Batting: RHB Jerry Foster 0-0: Foul Ball, location: 2F
0-1: Ball
1-1: Ball
2-1: Ball
Wild Pitch!
Torsten Fisher to third
Tim Rogers to second
3-1: Foul Ball, location: 2F
3-2: Fly out, F9 (Flyball, 9D, EV 96.2 MPH)
Runner from 3rd tags up, SCORES, no throw by RF
Tim Rogers to third
Batting: RHB Ron Squires 0-0: Called Strike
0-1: Ground out 5-3 (Groundball, 56, EV 83.1 MPH)
Top of the 6th over - 1 run, 1 hit, 1 error, 1 left on base; Texas (APP) 9 - Boston (APP) 0
BOTTOM OF THE 6TH
Boston (APP) Red Sox batting - Pitching for Texas (APP) Rangers : RHP Rick Madden
Batting: SHB Arihito Hiramoto 0-0: Foul Ball, location: 2F
0-1: Swinging Strike
0-2: Ball
1-2: Foul Ball, location: 2F
1-2: Ground out 6-3 (Groundball, P, EV 88.8 MPH)
Batting: RHB Kirk Cully 0-0: Called Strike
0-1: Ball
1-1: Ball
2-1: Ground out 5-3 (Groundball, 56, EV 78.1 MPH)
Batting: RHB Chris Zubia 0-0: Foul Ball, location: 2F
0-1: Called Strike
0-2: Foul Ball, location: 2F
0-2: Ball
1-2: Foul Ball, location: 2F
1-2: Ball
2-2: Strikes out swinging
Bottom of the 6th over - 0 runs, 0 hits, 0 errors, 0 left on base; Texas (APP) 9 - Boston (APP) 0
TOP OF THE 7TH
Texas (APP) Rangers batting - Pitching for Boston (APP) Red Sox : RHP Zinedine Lahlafi
Batting: LHB Alex Rivera 0-0: Ball
1-0: Called Strike
1-1: Ball
2-1: Ball
3-1: SOLO HOME RUN (Flyball, 9D, EV 98.1 MPH), Distance : 366 ft
Batting: RHB Robert Topete 0-0: Ball
1-0: Ball
2-0: Ball
3-0: Fly out, F9 (Line Drive, 9S, EV 89.4 MPH)
Batting: RHB Josh Shoemaker 0-0: Ground out 6-3 (Groundball, 6, EV 75.6 MPH)
Batting: RHB Pat Martin 0-0: Ground out 5-3 (Groundball, 56S, EV 83.1 MPH)
Top of the 7th over - 1 run, 1 hit, 0 errors, 0 left on base; Texas (APP) 10 - Boston (APP) 0
BOTTOM OF THE 7TH
Boston (APP) Red Sox batting - Pitching for Texas (APP) Rangers : RHP Rick Madden
Batting: RHB Ryan Davis 0-0: Ball
1-0: Foul Ball, location: 2F
1-1: Foul Ball, location: 2F
1-2: Ball
2-2: SINGLE (Groundball, 34D, EV 103.1 MPH)
DELAY Rain delay of 16 minutes in the 7th inning.
Batting: RHB Mo Tsang 0-0: Called Strike
0-1: Ball
1-1: Fielders Choice at 2nd, 4-6 (Groundball, 4, EV 82.5 MPH)
Batting: RHB Luis Nino 0-0: Called Strike
0-1: Ball
1-1: Foul Ball, location: 2F
1-2: Foul Ball, location: 2F
1-2: Strikes out swinging
Batting: LHB Kenny Jackson 0-0: Swinging Strike
0-1: Swinging Strike
0-2: Strikes out swinging
Bottom of the 7th over - 0 runs, 1 hit, 0 errors, 1 left on base; Texas (APP) 10 - Boston (APP) 0
TOP OF THE 8TH
Texas (APP) Rangers batting - Pitching for Boston (APP) Red Sox : RHP Zinedine Lahlafi
Batting: RHB Torsten Fisher 0-0: Ball
1-0: Swinging Strike
1-1: SINGLE (Groundball, 6M, EV 101.2 MPH) (infield hit)
Batting: SHB Tim Rogers 0-0: Ball
1-0: Foul Ball, location: 2F
1-1: SINGLE (Line Drive, 6M, EV 102.5 MPH)
Torsten Fisher to second
Batting: RHB Ryan Salas 0-0: Ball
1-0: Foul Ball, location: 2F
1-1: Foul Ball, location: 2F
1-2: Strikes out swinging
Batting: RHB Jerry Foster 0-0: Foul Ball, location: 2F
0-1: Ball
1-1: Called Strike
1-2: Foul Ball, location: 2F
1-2: Strikes out looking
Pitching: RHP Jose Duran
Batting: RHB Ron Squires 0-0: Foul Ball, location: 2F
0-1: Called Strike
0-2: Ball
1-2: Foul Ball, location: 2F
1-2: Ball
2-2: Strikes out looking
Top of the 8th over - 0 runs, 2 hits, 0 errors, 2 left on base; Texas (APP) 10 - Boston (APP) 0
BOTTOM OF THE 8TH
Boston (APP) Red Sox batting - Pitching for Texas (APP) Rangers : RHP Rick Madden
Pinch Hitting: RHB Felix Rangel 0-0: Foul Ball, location: 2F
0-1: Reached on error, E5 (Groundball, 15, EV 85.0 MPH)
Pitching: RHP Jorge Burruel
Pinch Hitting: SHB Jose Santiago 0-0: Ball
1-0: Ball
Wild Pitch!
Felix Rangel to second
2-0: Foul Ball, location: 2F
2-1: Swinging Strike
2-2: Fly out, F8 (Flyball, 8LM, EV 92.5 MPH)
Batting: SHB Arihito Hiramoto 0-0: Called Strike
0-1: Ball
1-1: Ball
2-1: Swinging Strike
2-2: Foul Ball, location: 2F
2-2: Foul Ball, location: 2F
2-2: SINGLE (Groundball, 34D, EV 103.1 MPH)
Felix Rangel to third
Runner from 3rd tries for Home, SAFE, throw by RF to home
Batting: RHB Kirk Cully 0-0: Ball
1-0: Ball
2-0: Foul Ball, location: 2F
2-1: Foul Ball, location: 2F
2-2: Ball
3-2: Fielders Choice at 2nd, 2-4 (Groundball, 2L, EV 70.6 MPH)
Batting: RHB Chris Zubia 0-0: Called Strike
0-1: Ball
1-1: Ball
2-1: Ball
3-1: Base on Balls
Kirk Cully to second
Batting: RHB Ryan Davis 0-0: Ball
1-0: Called Strike
1-1: Ball
2-1: Foul Ball, location: 2F
2-2: Strikes out swinging
Bottom of the 8th over - 1 run, 1 hit, 1 error, 2 left on base; Texas (APP) 10 - Boston (APP) 1
TOP OF THE 9TH
Texas (APP) Rangers batting - Pitching for Boston (APP) Red Sox : RHP Jose Duran
Now at 1B: Chris Zubia
Now at 3B: Jose Santiago
Now in RF: Felix Rangel
Batting: LHB Alex Rivera 0-0: Called Strike
0-1: Ball
1-1: Ball
2-1: SINGLE (Groundball, 3D, EV 103.8 MPH)
Batting: RHB Robert Topete 0-0: Called Strike
0-1: Ball
1-1: Swinging Strike
1-2: Strikes out swinging
Batting: RHB Josh Shoemaker 0-0: Ball
1-0: Foul Ball, location: 2F
1-1: Ball
2-1: Swinging Strike
2-2: Strikes out looking
Batting: RHB Pat Martin 0-0: Called Strike
0-1: Ball
1-1: Fielders Choice at 2nd, 6-4 (Groundball, 6, EV 92.5 MPH)
Top of the 9th over - 0 runs, 1 hit, 0 errors, 1 left on base; Texas (APP) 10 - Boston (APP) 1
BOTTOM OF THE 9TH
Boston (APP) Red Sox batting - Pitching for Texas (APP) Rangers : RHP Jorge Burruel
Batting: RHB Mo Tsang 0-0: Ball
1-0: SINGLE (Groundball, 6D, EV 106.2 MPH)
Batting: RHB Luis Nino 0-0: Ball
1-0: Called Strike
1-1: Ball
2-1: Ball
Wild Pitch!
Mo Tsang to second
3-1: Base on Balls
Pinch Hitting: RHB Eric Kent 0-0: Called Strike
0-1: Ball
1-1: Fly out, F9 (Flyball, 89S, EV 73.1 MPH)
Batting: RHB Felix Rangel 0-0: Foul Ball, location: 2F
0-1: Foul Ball, location: 2F
0-2: Strikes out swinging
Pitching: RHP Tamirat Abboud
Batting: SHB Jose Santiago 0-0: Called Strike
0-1: Ground out 4-3 (Groundball, 4S, EV 86.9 MPH)
Bottom of the 9th over - 0 runs, 1 hit, 0 errors, 2 left on base; Texas (APP) 10 - Boston (APP) 1
Sunday, July 16th , 2023 - OOTP Baseball 24.6 Build 69